 Dungeon Crawl Stone Soup version 0.25-a0-290-g4a1327ee3a (webtiles) character file.

Game seed: 9195584717760040024, levelgen mode: deterministic

103426 floatRand the Imperceptible (level 15, -2/85 HPs)
             Began as a Spriggan Berserker on Dec 13, 2019.
             Was a High Priest of Trog.
             Killed from afar by a hell hound (14 damage)
             ... with a blast of flame
             ... led by Azrael
             ... on level 14 of the Dungeon.
             The game lasted 01:08:28 (28934 turns).

floatRand the Imperceptible (Spriggan Berserker)   Turns: 28934, Time: 01:08:29

Health: -2/85      AC: 19    Str: 13    XL:     15   Next: 89%
Magic:  27/27      EV: 29    Int:  9    God:    Trog [*****.]
Gold:   1560       SH: 12    Dex: 22    Spells: 14/14 levels left

rFire    . . .     SeeInvis +   G - +9 rapier (vamp)
rCold    . . .     Gourm    .   Q - +3 buckler {AC+3}
rNeg     . . .     Faith    .   L - quicksilver dragon scales
rPois    +         Spirit   .   A - +2 hat {SInv}
rElec    .         Reflect  .   D - +2 cloak {rPois}
rCorr    +         Harm     .   (gloves unavailable)
MR       +++..                  (boots unavailable)
Stlth    ++++++++..             x - amulet of Vitality {Regen+ HP+15}
HPRegen  0.64/turn              p - +3 ring of slaying
MPRegen  0.20/turn              y - ring of resist corrosion

@: lightly drained, very quick
A: very small, unfitting armour, see invisible, herbivore, speed 3, slow
metabolism 2
a: Berserk, Trog's Hand, Brothers in Arms, Renounce Religion


You were on level 14 of the Dungeon.
You worshipped Trog.
Trog was extremely pleased with you.
You were hungry.

You visited 3 branches of the dungeon, and saw 23 of its levels.
You also visited: Sewer, Gauntlet, Ice Cave and Volcano.

You collected 2418 gold pieces.
You spent 858 gold pieces at shops.

Inventory:

Hand Weapons
 w - a +3 rapier of flaming
 G - a +9 vampiric rapier (weapon)
Missiles
 F - 2 throwing nets (quivered)
Armour
 A - a +2 hat of see invisible (worn)
 D - a +2 cloak of poison resistance (worn)
 L - quicksilver dragon scales (worn)
 Q - a +3 buckler of protection (worn)
Jewellery
 d - the amulet "Ecull" {Fragile +Rage rElec rF+ Dex+2}
   (You found it in a Gauntlet)

   [amulet of rage]

   It affects your dexterity (+2).
   It protects you from fire.
   It insulates you from electricity.
   It lets you go berserk.
   It will be destroyed if unequipped.
 l - an uncursed amulet of guardian spirit
 p - a +3 ring of slaying (left hand)
 t - the ring "Byinimyr" {rElec rF- rC+ Str+5 Stlth+}
   (You took it off a minotaur in a Gauntlet)

   [ring of strength]

   It affects your strength (+5).
   It makes you vulnerable to fire.
   It protects you from cold.
   It insulates you from electricity.
   It makes you more stealthy.
 x - the amulet of Vitality (around neck) {Regen+ HP+15}
   (You took it off an orc wizard on level 6 of the Dungeon)

   [amulet of regeneration]

   It affects your health (+15).
   It increases your rate of regeneration.
 y - a ring of resist corrosion (right hand)
 N - an uncursed ring of protection from cold
 W - a +4 ring of strength
Wands
 e - a wand of disintegration (35)
 i - a wand of iceblast (14)
 q - a wand of acid (7)
 u - a wand of scattershot (4)
 E - a wand of enslavement (9)
 I - a wand of paralysis (17)
 U - a wand of flame (69)
Scrolls
 a - 2 scrolls of blinking
 b - 2 scrolls of brand weapon
 h - 9 scrolls of remove curse
 j - 4 scrolls of fog
 m - 9 scrolls of teleportation
 r - 3 scrolls of enchant armour
 s - 5 scrolls of magic mapping
 M - a scroll of enchant weapon
 S - 2 scrolls of identify
 T - 2 scrolls of fear
Potions
 g - 5 potions of brilliance
 k - 3 potions of invisibility
 n - 12 potions of curing
 o - 5 potions of ambrosia
 z - a potion of resistance
 B - 2 potions of might
 C - a potion of mutation
 H - 8 potions of haste
 J - a potion of agility
 P - 4 potions of heal wounds
 R - 3 potions of berserk rage
 V - 2 potions of cancellation
Miscellaneous
 v - a sack of spiders
 K - a box of beasts
 O - a lightning rod (4/4)
 X - a lamp of fire
 Y - a phial of floods
 Z - a fan of gales
Comestibles
 c - 14 rations


   Skills:
 + Level 4.1(4.0) Fighting
 + Level 14.1(13.9) Short Blades
 + Level 5.4 Armour
 + Level 14.0(13.9) Dodging
 + Level 22.6(22.5) Stealth
 - Level 7.5(7.4) Shields
 + Level 15.4(15.3) Evocations


You had 14 spell levels left.
You didn't know any spells.
Your spell library was empty.

Dungeon Overview and Level Annotations

Branches:
Dungeon (15/15)            Temple (0/1) D:6            Lair (6/6) D:8
 Shoals (0/4) Lair:4       Spider (0/4) Lair:3        Slime (0/5) Lair:6
    Orc (2/2) D:9             Elf (0/3) Orc:2        Vaults (0/5) D:14
 Depths (0/5) D:15          Sewer (visited)           IceCv (visited)
Volcano (visited)         Gauntlet (visited)

Altars:
Ashenzari
Fedhas
Gozag
Hepliaklqana
Kikubaaqudgha
Makhleb
Nemelex Xobeh
Qazlal
Sif Muna
Zin
The Shining One
Jiyva

Shops:
D:5 [   D:6 **!   D:11 (

Annotations:
D:3 2 runed translucent doors, KrasnyyBoyets's ghost, amateur TrAs
D:11 7 runed translucent doors, exclusion: obsidian statue, kae's ghost, journeyman MiFi
D:14 Azrael; Kirke
Lair:5 3 runed translucent doors, Qeorph's ghost, journeyman FoAK


Innate Abilities, Weirdness & Mutations

You are very small and have problems with some larger weapons.
You are too small for most types of armour.
You have supernaturally acute eyesight. (SInv)
You are a herbivore.
You cover ground extremely quickly.
You need to consume almost no food.


Message History

* * * LOW HITPOINT WARNING * * *
The fireball engulfs the hell hound.
The hell hound completely resists.
The fireball engulfs Azrael.
Azrael completely resists.
The fireball engulfs the fire elemental.
The fire elemental completely resists.
The fire elemental completely misses you.
You are too injured to fight recklessly!
You hit Azrael.
Azrael is severely wounded.
You block the hell hound's attack.
Unknown command.
You are too injured to fight recklessly!
Unknown command.
You hit Azrael but do no damage.
Azrael is severely wounded.
The fire elemental completely misses you.
You block Azrael's attack. The hell hound breathes flames at you.
The blast of flame hits you!
You die...

##########################
#.........................
#<............>........###
#.................###..#
#.................# #..#
#........R........# #..#
#........@h......<# #..#
#........†E.......# #..#
#.................# #..#
#.................# #..#
#.................# #..#
#.................# #..#
#.................# #..#
#...!....)........# #..#
#.................# #..#


You could see Azrael, a fire elemental and a hell hound.

Vanquished Creatures
  Rupert (Lair:6)
  Gastronok (Lair:3)
  A frost giant (IceCv)
  A red draconian (Volcano)
  A minotaur (Gauntlet)
  Snorg (Lair:6)
  The ghost of Iseh the Cleaver, a journeyman FoFi of Gozag (D:13)
  Fannar (Lair:1)
  9 hydras
  2 two-headed ogres
  2 centaur warriors
  An ogre mage (Volcano)
  8 death yaks
  A vampire mage (D:15)
  A deep elf knight (D:14)
  Nergalle (D:10)
  2 skeletal warriors (D:15)
  2 sixfirhies (Gauntlet)
  A golden dragon zombie (D:15)
  3 unseen horrors
  4 lindwurms (Lair:4)
  2 wizards (D:14)
  2 necromancers
  An orc sorcerer (D:11)
  An iron dragon zombie (D:15)
  A deep elf mage (D:13)
  3 ugly things
  A frost giant zombie (D:15)
  4 cyclopes
  11 elephants
  A manticore (Lair:3)
  An ice statue (IceCv)
  A worldbinder (Gauntlet)
  Psyche (D:8)
  7 black mambas
  10 spiny frogs
  Joseph (D:7)
  2 centaur skeletons
  A gargoyle (D:10)
  A torpor snail (Lair:6)
  An efreet (D:13)
  2 freezing wraiths (D:13)
  3 rime drakes
  2 ice devils (D:12)
  6 komodo dragons
  A harpy zombie (D:14)
  A merfolk (D:10)
  2 trolls
  4 slime creatures (D:13)
  32 blink frogs
  22 polar bears
  A queen bee (Gauntlet)
  4 hornets
  8 hippogriffs
  11 dream sheep
  A redback (Lair:3)
  13 spriggans (Lair:6)
  3 wraiths (D:13)
  4 shadows
  6 wyverns
  A fire elemental (D:14)
  4 basilisks
  20 humans (D:14)
  36 yaks
  5 fire bats (Volcano)
  A chaos spawn (D:12)
  2 hogs (D:14)
  4 hungry ghosts
  4 steam dragons
  7 vampire mosquitoes
  3 wargs
  2 acid dragons
  A tengu zombie (D:15)
  3 hell hounds
  17 porcupines
  10 water moccasins
  Duvessa (D:6)
  14 orc warriors
  3 sky beasts
  5 black bears
  2 eyes of draining (D:11)
  4 ice beasts
  4 phantoms
  6 boggarts
  8 ogres
  48 wolves
  7 centaurs
  11 crocodiles
  A big kobold (D:7)
  22 bullfrogs
  Dowan (D:6)
  4 scorpions
  2 troll zombies (D:9)
  12 killer bees
  10 howler monkeys
  8 wights
  5 electric eels
  2 lava snakes (Volcano)
  7 crimson imps
  A bullfrog zombie (D:10)
  2 centaur zombies
  5 jellies
  A quasit (D:7)
  A bullfrog skeleton (D:11)
  4 hounds
  16 orc wizards
  10 orc priests
  An iguana (D:5)
  7 hell rats (Lair:6)
  6 worker ants
  A killer bee zombie (D:10)
  4 ogre zombies (D:9)
  2 hound skeletons
  A howler monkey zombie (D:11)
  A howler monkey skeleton (D:8)
  2 worker ant zombies
  17 adders
  7 gnolls (D:5)
  2 shadow imps
  An ufetubus (D:12)
  An adder skeleton (D:9)
  5 worms
  2 dart slugs (D:2)
  5 leopard geckos
  71 orcs
  4 bats
  6 giant cockroaches
  9 hobgoblins
  10 jackals
  5 quokkas
  2 ball pythons
  8 frilled lizards
  9 goblins
  A goblin skeleton (D:9)
  2 goblin zombies (D:9)
  2 hobgoblin skeletons (D:9)
  A hobgoblin zombie (D:9)
  13 kobolds
  An orc skeleton (D:9)
  9 orc zombies (D:9)
  5 rats
  A plant (Lair:6)
795 creatures vanquished.

Vanquished Creatures (collateral kills)
  A hippogriff (Lair:1)
  A fire bat (Volcano)
  A warg (D:8)
  A hound (D:8)
  2 orc wizards (D:8)
6 creatures vanquished.

Vanquished Creatures (others)
  2 two-headed ogres (Volcano)
  21 fungi
  32 plants
  A withered plant (D:15)
56 creatures vanquished.

Grand Total: 857 creatures vanquished

Notes
Turn   | Place    | Note
-------+----------+-------------------------------------------
     0 | D:1      | floatRand the Spriggan Berserker began the quest for the
                  | Orb.
     0 | D:1      | Reached XP level 1. HP: 11/11 MP: 2/2
   284 | D:1      | Reached skill level 1 in Stealth
   498 | D:1      | Reached skill level 2 in Stealth
   852 | D:1      | Reached XP level 2. HP: 16/16 MP: 3/3
  1179 | D:2      | Reached skill level 3 in Stealth
  1318 | D:2      | Reached XP level 3. HP: 19/19 MP: 4/4
  1361 | D:2      | Reached skill level 4 in Stealth
  2475 | D:3      | Reached ** piety under Trog
  2479 | D:3      | Reached XP level 4. HP: 19/23 MP: 5/5
  2509 | D:3      | Found a blossoming altar of Fedhas.
  2530 | D:3      | Reached skill level 5 in Stealth
  2904 | D:3      | Found a large runed translucent door.
  2904 | D:3      | Found a large runed translucent door.
  2905 | D:3      | Noticed KrasnyyBoyets's ghost (amateur TrAs)
  2915 | D:3      | Found a burning altar of Makhleb.
  3089 | D:4      | Found a shimmering blue altar of Sif Muna.
  3108 | D:4      | Noticed an ogre
  3152 | D:4      | Killed an ogre
  3152 | D:4      | Reached skill level 6 in Stealth
  3152 | D:4      | Reached XP level 5. HP: 27/27 MP: 6/6
  3189 | D:4      | Noticed an ogre
  3234 | D:4      | Killed an ogre
  3234 | D:4      | Reached skill level 5 in Short Blades
  3234 | D:4      | Reached skill level 7 in Stealth
  3234 | D:4      | Reached XP level 6. HP: 20/32 MP: 7/7
  3492 | D:4      | Found a glowing golden altar of the Shining One.
  3662 | D:4      | Reached skill level 8 in Stealth
  4330 | D:4      | Reached skill level 9 in Stealth
  4665 | D:4      | Reached XP level 7. HP: 28/35 MP: 6/8
  5279 | D:3      | Reached *** piety under Trog
  5323 | D:3      | Found a faded altar of an unknown god.
  5465 | D:3      | Found a glowing silver altar of Zin.
  5468 | D:3      | Found a sparkling altar of Nemelex Xobeh.
  5590 | D:3      | Reached skill level 10 in Stealth
  5594 | D:3      | Found a shattered altar of Ashenzari.
  5672 | D:5      | Entered Level 5 of the Dungeon
  6045 | D:5      | Found Yreviol's Armour Emporium.
  6555 | D:5      | Found a stormy altar of Qazlal.
  6608 | D:6      | Found Ugeera's Assorted Antiques.
  6647 | D:6      | Noticed a steam dragon
  6651 | D:6      | Noticed Duvessa
  6677 | D:6      | Found a staircase to the Ecumenical Temple.
  6720 | D:6      | Found Yguuceut's Serpentskin Sales.
  6755 | D:6      | Reached skill level 11 in Stealth
  6849 | D:6      | Found a glowing drain.
  6979 | D:6      | Reached XP level 8. HP: 35/39 MP: 9/9
  6983 | Sewer    | Entered a sewer
  7022 | Sewer    | Reached **** piety under Trog
  7076 | Sewer    | Reached skill level 5 in Dodging
  7168 | D:6      | Noticed Dowan
  7804 | D:6      | Reached skill level 12 in Stealth
  8243 | D:6      | Found Ciykowk's Distillery.
  8543 | D:6      | Killed Duvessa
  8601 | D:7      | Reached skill level 13 in Stealth
  8665 | D:7      | Found an ancient bone altar of Kikubaaqudgha.
  8695 | D:7      | Reached XP level 9. HP: 43/43 MP: 10/10
  8851 | D:7      | Found a hazy altar of Hepliaklqana.
  8872 | D:7      | Noticed Joseph
  8986 | D:7      | Killed Joseph
  9260 | D:7      | Reached skill level 14 in Stealth
  9687 | D:8      | Noticed Psyche
  9690 | D:8      | Killed Psyche
  9830 | D:8      | Reached skill level 15 in Stealth
  9940 | D:8      | Found a staircase to the Lair.
 10156 | D:8      | Reached ***** piety under Trog
 10156 | D:8      | Received a gift from Trog
 10156 | D:8      | Reached XP level 10. HP: 47/47 MP: 11/11
 10705 | D:9      | Reached skill level 16 in Stealth
 10817 | D:9      | Noticed a two-headed ogre
 11002 | D:9      | Reached skill level 1 in Evocations
 11245 | D:9      | Reached skill level 10 in Dodging
 11268 | D:9      | Found a staircase to the Orcish Mines.
 11393 | Orc:1    | Entered Level 1 of the Orcish Mines
 11430 | D:9      | Received a gift from Trog
 11505 | Orc:1    | HP: 3/62 [orc priest/divine providence (9)]
 11724 | Orc:2    | Entered Level 2 of the Orcish Mines
 12039 | Orc:2    | Found a staircase to the Elven Halls.
 12406 | D:5      | Bought quicksilver dragon scales for 720 gold pieces
 12506 | D:10     | Entered Level 10 of the Dungeon
 12514 | D:10     | Reached skill level 17 in Stealth
 12564 | D:10     | Reached skill level 5 in Evocations
 12731 | D:10     | Noticed Nergalle
 12737 | D:10     | Killed Nergalle
 12740 | D:10     | Reached XP level 11. HP: 51/51 MP: 7/16
 12973 | D:10     | Reached skill level 1 in Armour
 12979 | D:10     | Got a twisted cloak
 12980 | D:10     | Identified the cursed +0 cloak "Feihotam" {Dex+4} (You
                  | found it on level 10 of the Dungeon)
 13013 | D:10     | Reached skill level 10 in Short Blades
 13323 | D:10     | Received a gift from Trog
 13571 | D:11     | Found a large runed translucent door.
 13595 | D:11     | Found a large runed translucent door.
 13785 | D:11     | Found a runed translucent gate.
 13785 | D:11     | Found a runed translucent gate.
 13786 | D:11     | Found a runed translucent gate.
 13787 | D:11     | Found an opulent altar of Gozag.
 13787 | D:11     | Noticed an obsidian statue
 13788 | D:11     | Noticed kae's ghost (journeyman MiFi)
 13799 | D:11     | Found Damm's Weapon Shop.
 13800 | D:11     | Noticed a four-headed hydra
 13836 | D:11     | Killed a four-headed hydra
 13945 | D:11     | Noticed an orc sorcerer
 13949 | D:11     | Killed an orc sorcerer
 14133 | D:11     | Found a large runed translucent door.
 14133 | D:11     | Found a large runed translucent door.
 14180 | D:11     | Reached skill level 18 in Stealth
 14209 | D:11     | Got an ancient diamond amulet
 14394 | D:6      | Bought a fizzy pink potion for 21 gold pieces
 14394 | D:6      | Bought a cyan potion for 21 gold pieces
 14394 | D:6      | Bought a scroll of identify for 48 gold pieces
 14394 | D:6      | Bought a scroll of identify for 48 gold pieces
 14394 | D:6      | Identified the amulet of the Tortoise {Gourm *Contam rN++
                  | Dex+4} (You found it on level 11 of the Dungeon)
 14408 | D:6      | Killed Dowan
 14494 | Lair:1   | Entered Level 1 of the Lair of Beasts
 14508 | Lair:1   | Noticed an eight-headed hydra
 14539 | Lair:1   | Killed an eight-headed hydra
 14968 | Lair:1   | Noticed Fannar
 14975 | Lair:1   | Killed Fannar
 15225 | Lair:1   | Found a dark tunnel.
 15265 | Volcano  | Entered a volcano
 15305 | Volcano  | Received a gift from Trog
 15349 | Volcano  | Reached XP level 12. HP: 56/56 MP: 9/19
 15393 | Volcano  | Noticed a two-headed ogre
 15400 | Volcano  | Noticed a two-headed ogre
 15400 | Volcano  | Noticed a two-headed ogre
 15408 | Volcano  | Noticed a red draconian
 15428 | Volcano  | Killed a red draconian
 15451 | Volcano  | Killed a two-headed ogre
 15489 | Volcano  | Noticed an ogre mage
 15494 | Volcano  | Killed an ogre mage
 15496 | Volcano  | Found a burning altar of Makhleb.
 15952 | Lair:2   | Reached skill level 19 in Stealth
 15982 | Lair:2   | Got a smoking steel ring
 16071 | Lair:2   | Noticed an eight-headed hydra
 16090 | Lair:2   | Killed an eight-headed hydra
 16090 | Lair:2   | Reached skill level 10 in Evocations
 16886 | Lair:3   | Noticed Gastronok
 16892 | Lair:3   | Killed Gastronok
 16915 | Lair:3   | Noticed a six-headed hydra
 17400 | Lair:3   | Found a hole to the Spider Nest.
 17789 | Lair:3   | Received a gift from Trog
 18058 | Lair:4   | Found a staircase to the Shoals.
 18059 | Lair:4   | Reached XP level 13. HP: 59/59 MP: 10/22
 18199 | Lair:4   | Reached skill level 20 in Stealth
 18412 | Lair:4   | Identified the ring of Dexzorot {Str+2 SInv} (You found it
                  | on level 2 of the Lair of Beasts)
 19521 | Lair:5   | Found a runed translucent gate.
 19521 | Lair:5   | Found a runed translucent gate.
 19521 | Lair:5   | Found a runed translucent gate.
 19525 | Lair:5   | Noticed Qeorph's ghost (journeyman FoAK)
 19937 | Lair:5   | Reached skill level 1 in Shields
 20421 | Lair:6   | Entered Level 6 of the Lair of Beasts
 20658 | Lair:6   | Noticed Snorg
 20835 | Lair:6   | Received a gift from Trog
 21243 | Lair:6   | Reached skill level 21 in Stealth
 21279 | Lair:6   | Reached XP level 14. HP: 65/65 MP: 24/24
 21317 | Lair:6   | Noticed Rupert
 22080 | Lair:6   | Killed Rupert
 22295 | Lair:6   | Received a gift from Trog
 22505 | Lair:6   | Found a viscous altar of Jiyva.
 22506 | Lair:6   | Found a staircase to the Slime Pits.
 22619 | Lair:6   | Killed Snorg
 22676 | Lair:6   | Reached skill level 5 in Shields
 23465 | D:12     | Found a gate leading to a gauntlet.
 23479 | Gauntlet | Entered a Gauntlet
 23479 | Gauntlet | Found a transporter.
 23479 | Gauntlet | Found a transporter.
 23483 | Gauntlet | Found a transporter.
 23483 | Gauntlet | Found a transporter.
 23497 | Gauntlet | Found a transporter.
 23519 | Gauntlet | Found a transporter.
 23535 | Gauntlet | Found a transporter.
 23550 | Gauntlet | Found a transporter.
 23563 | Gauntlet | Found a transporter.
 23582 | Gauntlet | Found a transporter.
 23671 | Gauntlet | Found a transporter.
 23687 | Gauntlet | Found a transporter.
 23701 | Gauntlet | Found a transporter.
 23717 | Gauntlet | Found a transporter.
 23808 | Gauntlet | Found a transporter.
 23812 | Gauntlet | Found a transporter.
 23951 | Gauntlet | Received a gift from Trog
 24038 | Gauntlet | Got a scintillating ruby amulet
 24055 | Gauntlet | Identified the +5 ring mail "Ehisac" {rElec rCorr Int+2}
 24055 | Gauntlet | Identified the ring "Byinimyr" {rElec rF- rC+ Str+5 Stlth+}
 24182 | Gauntlet | Found the +3 robe of Folly {Archmagi, MR-- Int+5}
 24183 | Gauntlet | Identified Moed's Incunabulum of Boosts
 24273 | D:12     | Found a frozen archway.
 24286 | IceCv    | Entered an ice cave
 24390 | IceCv    | Identified the amulet "Ecull" {Fragile +Rage rElec rF+
                  | Dex+2} (You found it in a Gauntlet)
 24826 | IceCv    | Reached XP level 15. HP: 68/68 MP: 26/26
 24932 | IceCv    | Reached skill level 22 in Stealth
 25014 | IceCv    | Noticed a frost giant
 25053 | IceCv    | Killed a frost giant
 25165 | IceCv    | Got a bloodstained robe
 25458 | D:12     | Received a gift from Trog
 25986 | D:13     | Found a runed translucent gate.
 25987 | D:13     | Found a runed translucent gate.
 25988 | D:13     | Found a runed translucent gate.
 25998 | D:13     | Noticed Iseh's ghost (journeyman FoFi)
 26001 | D:13     | Identified the +7 shortbow of Relujar {freeze, +Blink rPois
                  | rN++ Dex-2}
 26283 | D:13     | Identified the cursed +0 robe "Akhew" {MR+ Int+4} (You
                  | found it in an ice cave)
 26522 | D:13     | Received a gift from Trog
 26874 | D:13     | Killed Iseh's ghost
 26874 | D:13     | Reached skill level 15 in Evocations
 27119 | D:14     | Noticed Azrael
 27236 | D:14     | Reached skill level 5 in Armour
 27371 | D:14     | Found a gate to the Vaults.
 27621 | D:14     | Noticed Kirke
 28084 | D:15     | Entered Level 15 of the Dungeon
 28164 | D:15     | Found a staircase to the Depths.
 28332 | D:15     | Received a gift from Trog
 28434 | D:15     | Identified a scroll of acquirement
 28934 | D:14     | Killed from afar by a hell hound

Levels and vault maps discovered:
D:1:      dpeg_arrival_lava_temple_mockup, layout_loops_ring, minmay_tromino_v7
D:2:      layout_basic
D:3:      layout_loops_ring, nicolae_overflow_hidden_temple, fedhas_altar_2,
          marbit_many_paths, minitemple, ebering_ghost_disaster_area,
          chequers_ecumenical_altar_twisty, hex_large,
          chequers_serial_rivers_small_b, minmay_quantized
D:4:      layout_layer_cave, tso_metal_star, lemuel_tele_altar
D:5:      layout_rooms, grunt_qazlal_clouds, serial_shops, shop_statue,
          first_ration, corexii_shack
D:6:      cheibrodos_steamvent, layout_loops_cross,
          minmay_temple_entry_sparse_star, serial_shops,
          nicolae_shop_behind_doors, nicolae_shop_trees, portal_sewer_entry_f,
          guppyfry_shop_venom, uniq_duvessa
D:7:      layout_loops_ring, old_standard_altar, overflow_temple_1_default,
          uniq_joseph
D:8:      layout_loops_ring, erik_lair_orcish_takeover, uniq_psyche
D:9:      layout_roguey, zombieorc1_lemuel
D:10:     minmay_goldmine, layout_gridville, hangedman_fish_farm,
          serial_bayou_pond_a, uniq_nergalle
D:11:     cheibrodos_wizards_tower, layout_loops_ring, serial_shops, shop,
          ebering_ghost_gozag, minmay_hollow_rounded_squares
D:12:     kennysheep_demon_hangout, layout_cave_pools,
          portal_ice_cave_demonic_guard, gauntlet_entry_generic
D:13:     layout_irregular_city, gammafunk_ghost_spectres
D:14:     layout_long_grid, grunt_vaults_entry_tiered, hangedman_decor_lopped,
          minmay_strange_pillars, uniq_azrael, uniq_kirke
D:15:     gammafunk_depths_entry_grave, layout_long_grid,
          minmay_misc_feat_diagonals
Lair:1:   layout_hall_layers, enter_volcano_3, uniq_fannar
Lair:2:   layout_loops_ring, beast_lair_carwin_5, serial_bayou_shore_a
Lair:3:   layout_regular_city, spider_nest_entry_webs, guppyfry_lair_drakes,
          uniq_gastronok
Lair:4:   layout_roguey, minmay_shoals_entry_beasts, minmay_lindwurm_lava,
          infiniplex_staircase_pool_2, serial_bayou_shore_b
Lair:5:   layout_regular_city, gammafunk_ghost_split, fungi_pond_lemuel,
          grunt_megastairs_1
Lair:6:   minmay_lair_end_enchanted_forest, layout_long_grid, slime_altar_1,
          serial_bayou_lagoon_b, uniq_snorg, uniq_rupert
Orc:1:    layout_caves, basic_altar, serial_shops, nicolae_shop_statue_plus
Orc:2:    st_orc_pillars, layout_diamond_mine, serial_shops, shop, mines1_david

Skill      XL: |  1  2  3  4  5  6  7  8  9 10 11 12 13 14 15 |
---------------+----------------------------------------------+-----
Stealth        | 2 3 4 6 7 9 11 13 15 17 18 19 21 22 | 22.6
Short Blades   | 4 5 6 7 9 10 11 12 13 14 | 14.1
Dodging        | 7 9 10 11 12 13 14 | 14.0
Evocations     | 5 9 11 13 14 15 | 15.4
Armour         | 2 4 5 |  5.4
Fighting       | 3 4 |  4.1
Shields        | 3 6 7 |  7.5

Action                   |  1- 3 |  4- 6 |  7- 9 | 10-12 | 13-15 || total
-------------------------+-------+-------+-------+-------+-------++-------
Melee: Short sword       |   120 |    30 |       |       |       ||   150
       Dagger            |       |   111 |   918 |       |       ||  1029
       Rapier            |       |       |       |   995 |  2618 ||  3613
Throw: Dart              |    22 |    70 |    87 |     1 |       ||   180
Invok: Berserk           |       |       |     2 |       |       ||     2
       Brothers in Arms  |       |       |     1 |       |       ||     1
Evoke: Wand              |       |       |       |    38 |    12 ||    50
       Phial of floods   |       |       |       |       |     2 ||     2
       Box of beasts     |       |       |       |       |     1 ||     1
       Lamp of fire      |       |       |       |       |     1 ||     1
       Sack of spiders   |       |       |       |       |     1 ||     1
  Use: Scroll            |       |     7 |     5 |    17 |    21 ||    50
       Potion            |       |       |       |     1 |     2 ||     3
 Stab: Sleeping          |     3 |     8 |    29 |    58 |    47 ||   145
       Distracted        |       |       |     4 |     3 |    18 ||    25
       Paralysed         |       |       |     2 |     2 |       ||     4
       Confused          |       |       |     1 |       |       ||     1
       Betrayed ally     |       |       |       |     1 |       ||     1
  Eat: Ration            |       |     1 |     4 |     5 |     7 ||    17
Armor: Animal skin       |    11 |    12 |     9 |       |       ||    32
       Robe              |       |       |    41 |       |       ||    41
       Steam dragon scal |       |       |    63 |    15 |       ||    78
       Quicksilver drago |       |       |       |    68 |   244 ||   312
Dodge: Dodged            |   125 |    99 |   655 |   776 |  1603 ||  3258
Block: Buckler           |       |       |       |       |   676 ||   676

Table legend:
 A = Non-vault XP
 B = Vault XP
 C = Vault XP percentage of total XP
 D = Non-vault monster count
 E = Vault monster count
 F = Vault count percentage of total count
                 A         B        C        D         E       F
            +---------+---------+-------+---------+---------+-------
      Total |   81779 |   65973 |  44.7 |     518 |     283 |  35.3
            +---------+---------+-------+---------+---------+-------
        D:1 |      16 |       2 |  11.1 |      10 |       2 |  16.7
        D:2 |      72 |       0 |   0.0 |      15 |       0 |   0.0
        D:3 |     178 |      21 |  10.6 |      33 |       5 |  13.2
        D:4 |     658 |       0 |   0.0 |      18 |       0 |   0.0
        D:5 |     234 |       2 |   0.8 |      20 |       1 |   4.8
        D:6 |     583 |     642 |  52.4 |      13 |      14 |  51.9
        D:7 |    1065 |     419 |  28.2 |      21 |       1 |   4.5
        D:8 |    1206 |     946 |  44.0 |      21 |       9 |  30.0
        D:9 |    1585 |     717 |  31.1 |      30 |      26 |  46.4
       D:10 |    1522 |    1674 |  52.4 |      15 |      13 |  46.4
       D:11 |    2419 |    1916 |  44.2 |      18 |       9 |  33.3
       D:12 |    2493 |     924 |  27.0 |      15 |       5 |  25.0
       D:13 |    9192 |    2697 |  22.7 |      52 |       7 |  11.9
       D:14 |    2840 |    7432 |  72.4 |      11 |      29 |  72.5
       D:15 |    6517 |    5010 |  43.5 |      21 |       8 |  27.6
     Lair:1 |    3043 |    1302 |  30.0 |      14 |       3 |  17.6
     Lair:2 |    4188 |     818 |  16.3 |      20 |       6 |  23.1
     Lair:3 |    8463 |    3017 |  26.3 |      39 |       3 |   7.1
     Lair:4 |    7636 |    2878 |  27.4 |      22 |       5 |  18.5
     Lair:5 |    7244 |     262 |   3.5 |      31 |       2 |   6.1
     Lair:6 |   19450 |   12706 |  39.5 |      54 |      51 |  48.6
      Orc:1 |     811 |       0 |   0.0 |      16 |       0 |   0.0
      Orc:2 |     364 |       0 |   0.0 |       9 |       0 |   0.0
      Sewer |       0 |     119 | 100.0 |       0 |       6 | 100.0
      IceCv |       0 |   14088 | 100.0 |       0 |      53 | 100.0
    Volcano |       0 |    4619 | 100.0 |       0 |      12 | 100.0
   Gauntlet |       0 |    3762 | 100.0 |       0 |      13 | 100.0
            +---------+---------+-------+---------+---------+-------
